 Dungeon Crawl Stone Soup version 0.30-a0-170-g85af917532 (webtiles) character file.

Game seed: 14873526442166489289

193512 qw the Severer (level 18, -1/119 HPs)
             Began as a Gargoyle Fighter on Sept 30, 2022.
             Was an Elder of Okawaru.
             Constricted to death by a shambling mangrove (6 damage)
             ... on level 4 of the Swamp.
             The game lasted 00:15:20 (37530 turns).

qw the Severer (Gargoyle Fighter)                  Turns: 37530, Time: 00:15:21

Health: -1/119     AC: 57    Str: 26    XL:     18   Next: 72%
Magic:  30/35      EV: 12    Int: 14    God:    Okawaru [****..]
Gold:   708        SH: 27    Dex: 12    Spells: 17/17 levels left

rFire   . . .      SeeInvis +    B - +5 broad axe (spect)
rCold   . . .      Faith    .    f - +0 tower shield
rNeg    + . .      Spirit   .    A - +10 plate armour {ponderous}
rPois   inf        Reflect  +    k - +3 hat of Pondering {ponderous, Will+ MP+10 Int+5}
rElec   +          Harm     .    C - +3 cloak of Isurgh {SInv}
rCorr   .          Rampage  .    t - +2 pair of gloves {Dex+3}
Will    ++...                    w - +2 pair of boots
Stlth   ..........               s - amulet of reflection
HPRegen 0.29/turn                H - +4 ring of slaying {mikee}
MPRegen 0.24/turn                I - +4 ring of evasion

@: about to teleport, heroic, finesse-ful, grasped by roots, flying,
constricted, slow
A: sickness immunity, AC +13, big wings, negative energy resistance 1,
electricity resistance, torment resistance 1, petrification resistance, antennae
2, weak 1, MP-powered wands
a: Renounce Religion, Heroism, Finesse


You were on level 4 of the Swamp.
You worshipped Okawaru.
Okawaru was greatly pleased with you.
You visited 6 branches of the dungeon, and saw 30 of its levels.
You also visited: Sewer and Gauntlet.

You collected 2905 gold pieces.
You spent 2197 gold pieces at shops.


Innate Abilities, Weirdness & Mutations

You are immune to sickness and miasma.
Your stone body is resilient. (AC +13)
You are immune to poison.
Your large and strong wings let you fly.
You resist negative energy. (rN+)
You are resistant to electric shocks. (rElec)
You are resistant to unholy torment.
You are immune to petrification.
You have a pair of antennae on your head.
You are weak. (Str -2)
You expend magic power (3 MP) to strengthen your wands.


   Skills:
 - Level 15.0(20.0) Fighting
 - Level 18.0(23.0) Axes
 - Level 8.0(13.0) Throwing
 + Level 13.7(18.7) Armour
 - Level 4.0(9.0) Dodging
 - Level 18.0(23.0) Shields
 - Level 10.0 Invocations


You had 17 spell levels left.
You didn't know any spells.
Your spell library was empty.

Inventory:

Hand Weapons
 B - a +5 spectral broad axe (weapon)
Missiles
 E - a javelin
 G - 8 boomerangs (quivered)
Armour
 b - +0 acid dragon scales
 f - a +0 tower shield (worn)
 k - the +3 hat of Pondering (worn) {ponderous, Will+ MP+10 Int+5}
   (You took it off Gastronok on level 3 of the Lair of Beasts)

   Int:       It affects your intelligence (+5).
   MP:        It affects your magic capacity (+10).
   Will:      It increases your willpower.
 t - a +2 pair of gloves of dexterity (worn)
 w - a +2 pair of boots (worn)
 z - the +2 hood of the Assassin {Detection Stab+ Stlth++}
   (You found it on level 5 of the Lair of Beasts)

   It allows the wearer to sense nearby creatures.
   It allows the wearer to make particularly effective stabbing attacks against
   helpless or unaware enemies with any weapon.
   Stlth:     It makes you much more stealthy.
 A - a +10 plate armour of ponderousness (worn)
 C - the +3 cloak of Isurgh (worn) {SInv}
   (Okawaru gifted it to you on level 2 of the Spider Nest)

   SInv:      It lets you see invisible.
Jewellery
 c - a ring of ice
 i - a ring of resist corrosion
 r - a ring of protection from cold
 s - an amulet of reflection (around neck)
 v - a ring of resist corrosion
 H - a +4 ring of slaying (left hand) {mikee}
 I - a +4 ring of evasion (right hand)
 Y - a ring of protection from fire
Scrolls
 e - 25 scrolls of identify
 h - 11 scrolls of teleportation
 u - 4 scrolls of enchant armour
 F - 3 scrolls of brand weapon
Potions
 a - 9 potions of heal wounds
 d - 8 potions of might
 g - a potion of resistance
 j - 2 potions of mutation
 l - 2 potions of magic
 m - 9 potions of curing
 o - 7 potions of lignification
 p - 2 potions of cancellation
 q - 2 potions of haste
 x - 3 potions of attraction

Dungeon Overview and Level Annotations

Branches:
Dungeon (15/15)            Temple (1/1) D:4            Lair (5/5) D:11
  Swamp (4/4) Lair:3       Spider (3/4) Lair:2        Slime (0/5) Lair:4
    Orc (2/2) D:9             Elf (0/3) Orc:2        Vaults (0/5) D:14
 Depths (0/4) D:15          Sewer (visited)         Gauntlet (visited)

Altars:
Ashenzari
Cheibriados
Dithmenos
Elyvilon
Fedhas
Gozag
Hepliaklqana
Kikubaaqudgha
Makhleb
Nemelex Xobeh
Okawaru
Qazlal
Ru
Sif Muna
Trog
Uskayaw
Vehumet
Wu Jian
Xom
Yredelemnul
Zin
The Shining One
Jiyva

Shops:
Orc:2 ?==*

Annotations:
D:6 1 runed translucent door, qw's ghost, novice GrFi
D:9 2 transporters, qw's ghost, novice GrFi
D:12 3 runed translucent doors, BraveToast's ghost, journeyman FoFi
D:13 3 runed translucent doors, Yqoodd's ghost, journeyman GnWr; qdestroyer's ghost, journeyman MiFi
Lair:4 1 runed translucent door
Lair:5 1 runed translucent door
Spider:2 2 transporters


Message History

The volley of thorns hits you!!!
An oklob plant comes into view.
The thorn hunter fires a volley of thorns at you.
The volley of thorns hits you!
The shambling mangrove hits the briar patch!
The thorn hunter hits the briar patch but does no damage.
The thorn hunter hits the briar patch.
The briar patch is destroyed!
The thorn hunter fires a volley of thorns at you.
The volley of thorns hits you!
The thorn hunter fires a volley of thorns at you.
The volley of thorns misses you.
The thorn hunter hits the briar patch! x2
The briar patch is destroyed!
The thorn hunter gestures.
Thorny briars emerge from the ground!
The thorn hunter fires a volley of thorns at you.
The volley of thorns reflects off an invisible shield around you!
The volley of thorns hits the briar patch!
Roots burst forth from the earth!
The grasping roots grab you! The grasping roots constrict you!!
The thorn hunter fires a volley of thorns at you.
The volley of thorns hits you but does no damage.
The shambling mangrove is struck by the briar patch's thorns.
The shambling mangrove hits the briar patch.
The grasping roots constrict you.
The thorn hunter fires a volley of thorns at you.
The volley of thorns hits you!!
The shambling mangrove is struck by the briar patch's thorns.
The shambling mangrove hits the briar patch.
The grasping roots constrict you.
37530 ||| READING 12 scrolls of teleportation.
As you read the scroll of teleportation, it crumbles to dust.
You feel strangely unstable.
The thorn hunter hits the briar patch but does no damage.
The thorn hunter hits the briar patch!
The briar patch is destroyed!
The grasping roots constrict you.
You die...

#...~_...#
¤.¤_..~7#
#.7..%.7.#
.~..7~P
#...8.~..# ..~..#
#.7....##.# 7....
# ###~~.7## {
.fZ7 ###....#
7f.7 7##~#~####
7Pf777#P~~..#
7@~.~~.~.~..##7
#7%..~..~.~~~~#
##.~.~~..##~#...~
##.~~..## #.~~.~
7.(..#7 ... .
~~~.~¤ 7#P.#7


7777 ~~~~~~ 77.P.77 ~~~...77.~.~.~~ ~~~~.<..~~.~..¤~ You could see 2 thorn
hunters, a shambling mangrove, an oklob plant and a swamp dragon skeleton.

Vanquished Creatures
  Arachne (Spider:2)
  A tentacled monstrosity (Swamp:3)
  Mlioglotl (Spider:1)
  An acid blob (Spider:2)
  Kirke (D:15)
  Gastronok (Lair:3)
  2 thorn hunters
  Roxanne (D:14)
  4 emperor scorpions
  A fenstrider witch (Swamp:4)
  3 ghost moths
  A vampire knight (Swamp:4)
  Nessos (D:14)
  A minotaur (Gauntlet)
  3 bunyips
  Azrael (D:15)
  6 eleionomae
  Snorg (Orc:1)
  Josephine (Swamp:1)
  An ettin (D:15)
  5 entropy weavers
  A shambling mangrove (Swamp:4)
  Harold (Orc:1)
  3 ghost crabs
  2 jorogumos
  17 hydras
  4 vault guards (D:14)
  An ogre mage (D:13)
  2 radroaches (Spider:3)
  3 catoblepae
  13 centaur warriors
  A death knight (D:13)
  3 two-headed ogres
  6 boulder beetles
  10 alligators
  2 tengu warriors
  Urug (D:12)
  Sonja (Lair:4)
  Nergalle (Orc:1)
  A soul eater (Gauntlet)
  Amaemon (D:9)
  8 pharaoh ants
  4 skeletal warriors (D:13)
  A goliath frog (Swamp:3)
  7 steelbarb worms
  3 sun moths
  4 swamp dragons
  5 orb spiders
  3 lindwurms (Lair:5)
  7 spriggan druids
  A spectral hydra (Swamp:4)
  2 wizards
  8 orc knights
  A necromancer (D:15)
  An orange crystal statue (Gauntlet)
  A harpy (shapeshifter) (D:15)
  4 deep elf pyromancers
  An orc sorcerer (Orc:1)
  18 wolf spiders
  4 ugly things
  4 manticores
  An oklob plant (Spider:2)
  4 will-o-the-wisps
  A moth of wrath (Spider:2)
  9 cyclopes
  4 elephants (Lair:2)
  Maurice (D:9)
  6 black mambas
  9 torpor snails
  A gargoyle (D:14)
  An orange demon (D:9)
  10 cane toads
  12 demonic crawlers
  2 efreet
  9 komodo dragons
  A freezing wraith (Swamp:4)
  A kobold demonologist (D:11)
  2 rime drakes
  An unseen horror (D:13)
  A yaktaur (D:14)
  3 tengu conjurers
  2 hydra zombies (Swamp:4)
  7 meliai
  2 death drake zombies (Swamp:4)
  13 tarantellas
  8 trolls
  11 polar bears (Lair:5)
  2 raiju (Lair:5)
  14 tyrant leeches
  12 hornets
  Grinder (D:3)
  A tarantella (shapeshifter) (D:14)
  A death drake skeleton (Swamp:4)
  4 dream sheep (Lair:5)
  8 blink frogs (Lair:5)
  2 hydra skeletons (Swamp:4)
  14 jumping spiders
  25 culicivoras
  8 spriggans
  Sigmund (D:6)
  A shadow (D:10)
  3 fire elementals (D:15)
  5 basilisks
  9 wraiths
  76 yaks
  Eustachio (D:6)
  5 wyverns
  2 humans
  2 basilisks (shapeshifter)
  6 hogs (D:15)
  20 vampire mosquitoes
  14 wargs
  53 redbacks
  17 swamp worms
  8 acid dragons
  15 water moccasins
  16 hell hounds
  5 hydra simulacra (Swamp:4)
  34 orc warriors
  4 swamp drakes
  2 sky beasts
  14 black bears
  6 ogres
  19 wolves
  12 centaurs
  A swamp dragon zombie (Swamp:4)
  A phantom (D:6)
  2 kobold brigands
  16 bullfrogs
  3 gnoll sergeants
  A necrophage (D:4)
  5 scorpions
  6 wights (D:8)
  A killer bee (D:8)
  An electric eel (Lair:4)
  A howler monkey (D:6)
  2 vampire bats (D:12)
  A gnoll bouda (D:8)
  6 hounds
  2 jellies
  7 orc priests
  4 iguanas
  12 orc wizards
  A hell rat (Sewer)
  8 adders
  18 gnolls
  5 river rats (Sewer)
  3 shadow imps
  4 white imps
  3 ufetubi
  A worm (D:3)
  2 dart slugs
  61 orcs
  9 bats
  2 endoplasms
  6 giant cockroaches
  6 goblins
  11 hobgoblins
  2 jackals (D:3)
  3 quokkas
  13 ball pythons
  A frilled lizard (D:3)
  13 kobolds
  6 rats
  8 briar patches (Swamp:3)
1021 creatures vanquished.

Vanquished Creatures (others)
  A goliath frog (Swamp:2)
  A wizard (D:14)
  A deep elf pyromancer (D:15)
  A bloated husk (Swamp:4)
  4 briar patches
  8 foxfires
  92 fungi
  107 plants
  2 withered plants (D:6)
217 creatures vanquished.

Grand Total: 1238 creatures vanquished

Notes
Turn   | Place    | Note
-------+----------+-------------------------------------------
     0 | D:1      | qw the Gargoyle Fighter began the quest for the Orb.
     0 | D:1      | Reached XP level 1. HP: 14/14 MP: 1/1
     0 | D:1      | 0 ||| qw: Version: 0.2-a-12-gaebbb33
     0 | D:1      | 0 ||| qw: Game counter: 1626
     0 | D:1      | 0 ||| qw: Always use a shield: true
     0 | D:1      | 0 ||| qw: God list: Okawaru
     0 | D:1      | 0 ||| qw: Allow faded altars: false
     0 | D:1      | 0 ||| qw: Do Orc after D:15 true
     0 | D:1      | 0 ||| qw: Do second Lair branch before Depths: true
     0 | D:1      | 0 ||| qw: Lair rune preference: random
     0 | D:1      | 0 ||| qw: Plans: Normal, Zot:1-4, God:TSO, Crypt, Tomb,
                  | Pan, Slime:5, Hells, Abyss, Orb
     0 | D:1      | 0 ||| PLANNING D:1-11
   336 | D:1      | 336 ||| Stepping ~*~*~tactically~*~*~ (stealth).
   463 | D:1      | Reached XP level 2. HP: 19/19 MP: 2/2
   483 | D:1      | 483 ||| Stepping ~*~*~tactically~*~*~ (hiding).
   639 | D:1      | 639 ||| Stepping ~*~*~tactically~*~*~ (stealth).
   864 | D:1      | Reached skill level 3 in Axes
  1137 | D:1      | 1137 ||| READING scroll labelled XUMPADIEDD.
  1138 | D:1      | 1138 ||| READING scroll labelled GONLOK JITA.
  1139 | D:1      | 1139 ||| READING scroll labelled UQOTZUGGOUGU.
  1140 | D:1      | 1140 ||| READING scroll labelled UHESAE SAJIE.
  1145 | D:1      | 1145 ||| READING scroll labelled ANISOA VUETHA.
  1216 | D:2      | Reached XP level 3. HP: 23/23 MP: 3/3
  1295 | D:2      | You fall into a shaft and drop 2 floors!
  1296 | D:4      | 1296 ||| PLANNING SEWER
  1362 | D:4      | Reached XP level 4. HP: 28/28 MP: 4/4
  1444 | D:4      | Found a glowing drain.
  1445 | D:4      | 1445 ||| DRINKING 2 dark potions.
  1450 | Sewer    | Entered a sewer
  1598 | Sewer    | 1598 ||| Stepping ~*~*~tactically~*~*~ (water).
  1602 | Sewer    | Reached XP level 5. HP: 14/32 MP: 5/5
  1611 | Sewer    | 1611 ||| Stepping ~*~*~tactically~*~*~ (stealth).
  1862 | Sewer    | 1862 ||| READING scroll labelled ZEAGGO MIE.
  1863 | Sewer    | 1863 ||| READING scroll labelled SOT PUVALLICRO.
  1864 | Sewer    | 1864 ||| READING 2 scrolls of identify.
  1864 | Sewer    | 1864 ||| IDENTIFYING viscous amethyst potion
  1872 | D:4      | 1872 ||| PLANNING D:1-11
  2185 | D:3      | 2185 ||| Stepping ~*~*~tactically~*~*~ (stealth).
  2312 | D:3      | Noticed a great orb of eyes
  2313 | D:3      | 2313 ||| Stepping ~*~*~tactically~*~*~ (hiding).
  2325 | D:3      | Found a faded altar of an unknown god.
  2335 | D:3      | Noticed a floating eye
  2335 | D:3      | Noticed an eye of devastation
  2335 | D:3      | Noticed a golden eye
  2611 | D:2      | Reached XP level 6. HP: 37/38 MP: 6/6
  2627 | D:2      | 2627 ||| Stepping ~*~*~tactically~*~*~ (stealth).
  2712 | D:2      | Reached skill level 1 in Dodging
  3227 | D:2      | 3227 ||| UPGRADING to +0 cloak.
  3232 | D:2      | 3232 ||| UPGRADING to +0 chain mail.
  3242 | D:2      | 3242 ||| DROPPING +0 scale mail.
  3243 | D:2      | 3243 ||| READING scroll labelled NUME UCKINY.
  3244 | D:2      | 3244 ||| READING scroll labelled QIBBEP IGETAQA.
  3245 | D:2      | 3245 ||| DRINKING 2 bubbling orange potions.
  3246 | D:2      | 3246 ||| DRINKING 2 pink potions.
  3247 | D:2      | 3247 ||| READING 8 scrolls of identify.
  3247 | D:2      | 3247 ||| IDENTIFYING cyan potion
  3248 | D:2      | 3248 ||| READING 7 scrolls of identify.
  3248 | D:2      | 3248 ||| IDENTIFYING black potion
  3249 | D:2      | 3249 ||| READING 6 scrolls of identify.
  3249 | D:2      | 3249 ||| IDENTIFYING brown potion
  3250 | D:2      | 3250 ||| DROPPING potion of berserk rage.
  3251 | D:2      | 3251 ||| DROPPING potion of brilliance.
  3252 | D:2      | 3252 ||| DROPPING potion of flight.
  3309 | D:3      | Found a faded altar of an unknown god.
  3314 | D:3      | Found an ancient bone altar of Kikubaaqudgha.
  3322 | D:3      | 3322 ||| Stepping ~*~*~tactically~*~*~ (stealth).
  3436 | D:3      | Noticed Grinder
  3437 | D:3      | 3437 ||| Stepping ~*~*~tactically~*~*~ (hiding).
  3438 | D:3      | 3438 ||| Stepping ~*~*~tactically~*~*~ (hiding).
  3441 | D:3      | 3441 ||| Stepping ~*~*~tactically~*~*~ (hiding).
  3454 | D:3      | Paralysed by Grinder for 5 turns
  3459 | D:3      | Killed Grinder
  3460 | D:3      | Reached skill level 6 in Axes
  3460 | D:3      | Reached XP level 7. HP: 28/43 MP: 7/7
  3656 | D:3      | Found a glowing golden altar of the Shining One.
  3827 | D:3      | 3827 ||| DROPPING +0 whip.
  4020 | D:3      | Found a burning altar of Makhleb.
  4025 | D:3      | 4025 ||| READING scroll labelled SONOAFURAC.
  4026 | D:3      | 4026 ||| READING 5 scrolls of identify.
  4026 | D:3      | 4026 ||| IDENTIFYING grey potion
  4027 | D:3      | 4027 ||| DROPPING potion of magic.
  4110 | D:4      | 4110 ||| Stepping ~*~*~tactically~*~*~ (stealth).
  4424 | D:4      | Found a staircase to the Ecumenical Temple.
  4425 | D:4      | 4425 ||| PLANNING TEMPLE
  4425 | D:4      | 4425 ||| UPGRADING to ring of positive energy.
  4436 | Temple   | Entered the Ecumenical Temple
  4599 | Temple   | 4599 ||| PLANNING D:1-11
  4780 | D:4      | 4780 ||| Stepping ~*~*~tactically~*~*~ (stealth).
  4954 | D:4      | 4954 ||| STAIRDANCE
  4958 | D:4      | 4958 ||| STAIRDANCE
  4962 | D:4      | 4962 ||| STAIRDANCE
  4966 | D:4      | 4966 ||| STAIRDANCE
  4970 | D:4      | 4970 ||| STAIRDANCE
  4974 | D:4      | 4974 ||| STAIRDANCE
  4978 | D:4      | 4978 ||| STAIRDANCE
  4982 | D:4      | 4982 ||| STAIRDANCE
  4986 | D:4      | 4986 ||| STAIRDANCE
  4990 | D:4      | 4990 ||| STAIRDANCE
  4994 | D:4      | 4994 ||| STAIRDANCE
  4998 | D:4      | 4998 ||| STAIRDANCE
  5002 | D:4      | 5002 ||| STAIRDANCE
  5006 | D:4      | 5006 ||| STAIRDANCE
  5010 | D:4      | 5010 ||| STAIRDANCE
  5014 | D:4      | 5014 ||| STAIRDANCE
  5018 | D:4      | 5018 ||| STAIRDANCE
  5022 | D:4      | 5022 ||| STAIRDANCE
  5026 | D:4      | 5026 ||| STAIRDANCE
  5030 | D:4      | 5030 ||| STAIRDANCE
  5056 | D:5      | Entered Level 5 of the Dungeon
  5058 | D:5      | 5058 ||| STAIRDANCE
  5135 | D:5      | Reached skill level 1 in Throwing
  5135 | D:5      | Reached XP level 8. HP: 38/49 MP: 8/8
  5276 | D:5      | 5276 ||| Stepping ~*~*~tactically~*~*~ (hiding).
  5277 | D:5      | 5277 ||| Stepping ~*~*~tactically~*~*~ (hiding).
  5343 | D:5      | Found an iron altar of Okawaru.
  5618 | D:5      | 5618 ||| UPGRADING to +0 plate armour.
  5628 | D:5      | 5628 ||| DROPPING +0 chain mail.
  5629 | D:5      | 5629 ||| UPGRADING to ring of see invisible.
  5630 | D:5      | 5630 ||| READING scroll labelled LUURIAHUXT.
  5631 | D:5      | 5631 ||| DRINKING 2 amethyst potions.
  5659 | D:5      | 5659 ||| PLANNING OKAWARU WORSHIP
  5659 | D:5      | Became a worshipper of Warmaster Okawaru
  5660 | D:5      | 5660 ||| PLANNING D:1-11
  5847 | D:6      | Found a runed translucent door.
  5847 | D:6      | Noticed qw's ghost (novice GrFi)
  5867 | D:6      | Noticed Sigmund
  5884 | D:6      | Killed Sigmund
  6047 | D:6      | Noticed Eustachio
  6088 | D:6      | Killed Eustachio
  6089 | D:6      | Reached skill level 6 in Fighting
  6181 | D:6      | 6181 ||| Stepping ~*~*~tactically~*~*~ (hiding).
  6183 | D:6      | 6183 ||| Stepping ~*~*~tactically~*~*~ (hiding).
  6196 | D:6      | Reached * piety under Okawaru
  6202 | D:6      | 6202 ||| INVOKING Heroism.
  6214 | D:6      | 6214 ||| Stepping ~*~*~tactically~*~*~ (stealth).
  6217 | D:6      | 6217 ||| Stepping ~*~*~tactically~*~*~ (stealth).
  6233 | D:6      | 6233 ||| FLEEEEING.
  6234 | D:6      | 6234 ||| Stepping ~*~*~tactically~*~*~ (stealth).
  6240 | D:6      | 6240 ||| FLEEEEING.
  6247 | D:6      | 6247 ||| STAIRDANCE
  6303 | D:5      | 6303 ||| UPGRADING to +0 helmet.
  6308 | D:5      | 6308 ||| UPGRADING to amulet of reflection.
  6313 | D:5      | 6313 ||| READING scroll labelled MACSAI SYUDWYRPH.
  6314 | D:5      | 6314 ||| READING 7 scrolls of identify.
  6314 | D:5      | 6314 ||| IDENTIFYING bubbling blue potion
  6322 | D:6      | Reached skill level 1 in Invocations
  6322 | D:6      | Reached XP level 9. HP: 55/55 MP: 8/10
  6409 | D:6      | 6409 ||| Stepping ~*~*~tactically~*~*~ (stealth).
  6411 | D:6      | 6411 ||| Stepping ~*~*~tactically~*~*~ (stealth).
  6691 | D:7      | 6691 ||| STAIRDANCE
  6697 | D:6      | Reached skill level 3 in Invocations
  6699 | D:7      | 6699 ||| STAIRDANCE
  6704 | D:7      | 6704 ||| STAIRDANCE
  6706 | D:6      | 6706 ||| INVOKING Heroism.
  6956 | D:7      | 6956 ||| Stepping ~*~*~tactically~*~*~ (stealth).
  6957 | D:7      | 6957 ||| Stepping ~*~*~tactically~*~*~ (stealth).
  6958 | D:7      | 6958 ||| Stepping ~*~*~tactically~*~*~ (stealth).
  6967 | D:7      | Reached skill level 9 in Axes
  6985 | D:7      | 6985 ||| Stepping ~*~*~tactically~*~*~ (stealth).
  6987 | D:7      | 6987 ||| Stepping ~*~*~tactically~*~*~ (stealth).
  6988 | D:7      | 6988 ||| Stepping ~*~*~tactically~*~*~ (stealth).
  6990 | D:7      | 6990 ||| Stepping ~*~*~tactically~*~*~ (stealth).
  6992 | D:7      | 6992 ||| Stepping ~*~*~tactically~*~*~ (stealth).
  6994 | D:7      | 6994 ||| INVOKING Heroism.
  7000 | D:7      | 7000 ||| Stepping ~*~*~tactically~*~*~ (stealth).
  7053 | D:7      | Reached ** piety under Okawaru
  7175 | D:7      | 7175 ||| Stepping ~*~*~tactically~*~*~ (stealth).
  7177 | D:7      | 7177 ||| Stepping ~*~*~tactically~*~*~ (stealth).
  7179 | D:7      | 7179 ||| Stepping ~*~*~tactically~*~*~ (hiding).
  7180 | D:7      | 7180 ||| Stepping ~*~*~tactically~*~*~ (hiding).
  7181 | D:7      | 7181 ||| INVOKING Heroism.
  7195 | D:7      | 7195 ||| Stepping ~*~*~tactically~*~*~ (stealth).
  7207 | D:7      | 7207 ||| FLEEEEING.
  7208 | D:7      | 7208 ||| FLEEEEING.
  7209 | D:7      | 7209 ||| FLEEEEING.
  7218 | D:7      | Reached skill level 6 in Armour
  7414 | D:7      | Found Zin's Purification Station.
  7414 | D:7      | Found a glowing silver altar of Zin.
  7418 | D:7      | Noticed a hornet
  7426 | D:7      | 7426 ||| INVOKING Heroism.
  7427 | D:7      | Killed a hornet
  7524 | D:7      | 7524 ||| BUYING potion of curing (90 gold).
  7524 | D:7      | Bought a potion of curing for 90 gold pieces
  7682 | D:7      | Identified the +5 trident "Z" {vorpal, rPois rF- Int+10
                  | Dex+4}
  7738 | D:7      | 7738 ||| UPGRADING to +0 pair of boots.
  7743 | D:7      | 7743 ||| UPGRADING to ring of protection from cold.
  7745 | D:7      | 7745 ||| READING scroll labelled NERUSCH DOYRUO.
  7772 | D:8      | 7772 ||| INVOKING Heroism.
  7940 | D:8      | 7940 ||| Stepping ~*~*~tactically~*~*~ (hiding).
  7941 | D:8      | 7941 ||| Stepping ~*~*~tactically~*~*~ (hiding).
  7948 | D:8      | 7948 ||| INVOKING Heroism.
  7950 | D:8      | 7950 ||| Stepping ~*~*~tactically~*~*~ (hiding).
  7961 | D:8      | Reached XP level 10. HP: 38/63 MP: 11/13
  7966 | D:8      | 7966 ||| INVOKING Heroism.
  8252 | D:8      | 8252 ||| Stepping ~*~*~tactically~*~*~ (hiding).
  8256 | D:8      | 8256 ||| INVOKING Heroism.
  8408 | D:8      | 8408 ||| Stepping ~*~*~tactically~*~*~ (stealth).
  8411 | D:8      | 8411 ||| INVOKING Heroism.
  8687 | D:8      | 8687 ||| READING scroll of enchant weapon.
  8687 | D:8      | 8687 ||| ENCHANTING +1 war axe.
  8874 | D:8      | 8874 ||| READING 8 scrolls of identify.
  8874 | D:8      | 8874 ||| IDENTIFYING fuming dark potion
  9064 | D:9      | Noticed an orange demon
  9064 | D:9      | Noticed Amaemon
  9065 | D:9      | 9065 ||| INVOKING Heroism.
  9074 | D:9      | Killed an orange demon
  9074 | D:9      | Reached *** piety under Okawaru
  9083 | D:9      | Killed Amaemon
  9139 | D:9      | 9139 ||| DROPPING +0 flail.
  9208 | D:9      | 9208 ||| Stepping ~*~*~tactically~*~*~ (hiding).
  9210 | D:9      | 9210 ||| INVOKING Heroism.
  9280 | D:9      | Found a transporter.
  9280 | D:9      | Noticed a moth of wrath
  9281 | D:9      | Found a bloodstained altar of Trog.
  9282 | D:9      | Noticed a deep troll
  9283 | D:9      | Noticed qw's ghost (novice GrFi)
  9289 | D:9      | Found a transporter.
  9369 | D:9      | Noticed a two-headed ogre
  9371 | D:9      | Noticed Maurice
  9373 | D:9      | 9373 ||| INVOKING Heroism.
  9375 | D:9      | Found a staircase to the Orcish Mines.
  9390 | D:9      | Killed Maurice
  9401 | D:9      | 9401 ||| INVOKING Heroism.
  9442 | D:9      | Identified the +5 war axe "Sunkutau" {elec, rPois Int+4
                  | Stlth+}
  9716 | D:9      | 9716 ||| DROPPING +2 hat.
  9717 | D:9      | 9717 ||| DROPPING +3 scale mail of cold resistance.
  9718 | D:9      | 9718 ||| DROPPING +1 hat.
  9719 | D:9      | 9719 ||| UPGRADING to +10 plate armour of ponderousness.
  9729 | D:9      | 9729 ||| DROPPING +0 plate armour.
  9730 | D:9      | 9730 ||| DROPPING amulet of guardian spirit.
  9754 | D:10     | Entered Level 10 of the Dungeon
  9784 | D:10     | 9784 ||| INVOKING Heroism.
  9794 | D:10     | Reached **** piety under Okawaru
  9794 | D:10     | Received a gift from Okawaru
  9853 | D:10     | 9853 ||| Stepping ~*~*~tactically~*~*~ (stealth).
  9908 | D:10     | 9908 ||| INVOKING Heroism.
  9913 | D:10     | Reached XP level 11. HP: 68/68 MP: 11/14
 10022 | D:10     | 10022 ||| Stepping ~*~*~tactically~*~*~ (hiding).
 10023 | D:10     | 10023 ||| Stepping ~*~*~tactically~*~*~ (hiding).
 10024 | D:10     | 10024 ||| Stepping ~*~*~tactically~*~*~ (hiding).
 10025 | D:10     | 10025 ||| Stepping ~*~*~tactically~*~*~ (hiding).
 10208 | D:10     | Noticed a two-headed ogre
 10209 | D:10     | 10209 ||| INVOKING Heroism.
 10214 | D:10     | Killed a two-headed ogre
 10285 | D:10     | Noticed a two-headed ogre
 10286 | D:10     | 10286 ||| INVOKING Heroism.
 10294 | D:10     | Killed a two-headed ogre
 10295 | D:10     | Reached skill level 6 in Invocations
 10366 | D:10     | 10366 ||| INVOKING Heroism.
 10425 | D:10     | 10425 ||| INVOKING Heroism.
 10429 | D:10     | Reached skill level 9 in Fighting
 10767 | D:10     | Noticed a cyan ugly thing
 10767 | D:10     | Noticed a centaur warrior
 10768 | D:10     | 10768 ||| READING 7 scrolls of teleportation.
 10769 | D:10     | 10769 ||| STAIRDANCE
 10825 | D:11     | Found a white marble altar of Elyvilon.
 10926 | D:11     | Noticed a white ugly thing
 10927 | D:11     | 10927 ||| INVOKING Heroism.
 10936 | D:11     | 10936 ||| Stepping ~*~*~tactically~*~*~ (stealth).
 10941 | D:11     | Killed a white ugly thing
 10956 | D:11     | Noticed a white ugly thing
 10979 | D:11     | Noticed a manticore
 10980 | D:11     | 10980 ||| INVOKING Heroism.
 10981 | D:11     | Killed a white ugly thing
 10994 | D:11     | Killed a manticore
 10997 | D:11     | Reached ***** piety under Okawaru
 11010 | D:11     | 11010 ||| READING 6 scrolls of teleportation.
 11264 | D:11     | 11264 ||| Stepping ~*~*~tactically~*~*~ (stealth).
 11270 | D:11     | 11270 ||| Stepping ~*~*~tactically~*~*~ (stealth).
 11295 | D:11     | 11295 ||| Stepping ~*~*~tactically~*~*~ (stealth).
 11302 | D:11     | 11302 ||| INVOKING Heroism.
 11328 | D:11     | 11328 ||| INVOKING Heroism.
 11456 | D:11     | 11456 ||| Stepping ~*~*~tactically~*~*~ (stealth).
 11548 | D:11     | 11548 ||| INVOKING Heroism.
 11596 | D:11     | Found a staircase to the Lair.
 11705 | D:11     | 11705 ||| Stepping ~*~*~tactically~*~*~ (hiding).
 11818 | D:11     | Reached XP level 12. HP: 73/76 MP: 18/18
 11925 | D:11     | 11925 ||| READING scroll labelled ZONOSAALLE.
 12026 | D:11     | 12026 ||| DRINKING 2 viscous pink potions.
 12026 | D:11     | Gained mutation: You have a pair of small antennae on your
                  | head. [potion of mutation]
 12026 | D:11     | Gained mutation: You have sharp fingernails. [potion of
                  | mutation]
 12026 | D:11     | Gained mutation: You are frail. (-10% HP) [potion of
                  | mutation]
 12026 | D:11     | Gained mutation: You have a pair of antennae on your head.
                  | [potion of mutation]
 12027 | D:11     | 12027 ||| DRINKING potion of mutation.
 12027 | D:11     | Lost mutation: You are frail. (-10% HP) [potion of
                  | mutation]
 12027 | D:11     | Lost mutation: You have sharp fingernails. [potion of
                  | mutation]
 12027 | D:11     | Gained mutation: You are weak. (Str -2) [potion of
                  | mutation]
 12027 | D:11     | Gained mutation: You expend magic power (3 MP) to
                  | strengthen your wands. [potion of mutation]
 12062 | D:11     | 12062 ||| DROPPING +0 helmet.
 12078 | D:10     | 12078 ||| READING 5 scrolls of teleportation.
 12081 | D:10     | 12081 ||| Stepping ~*~*~tactically~*~*~ (hiding).
 12182 | D:10     | 12182 ||| PLANNING LAIR
 12239 | Lair:1   | Entered Level 1 of the Lair of Beasts
 12311 | Lair:1   | Reached skill level 12 in Axes
 12311 | Lair:1   | Reached skill level 9 in Invocations
 12545 | Lair:1   | 12545 ||| INVOKING Heroism.
 12547 | Lair:1   | Reached skill level 6 in Shields
 12608 | Lair:1   | 12608 ||| INVOKING Heroism.
 12629 | Lair:1   | Identified the amulet of Cosh {Faith Contam Harm rPois
                  | Slay+2}
 12649 | Lair:1   | 12649 ||| Stepping ~*~*~tactically~*~*~ (stealth).
 12652 | Lair:1   | 12652 ||| Stepping ~*~*~tactically~*~*~ (stealth).
 12656 | Lair:1   | 12656 ||| Stepping ~*~*~tactically~*~*~ (stealth).
 12661 | Lair:1   | Received a gift from Okawaru
 12748 | Lair:1   | 12748 ||| READING scroll of enchant weapon.
 12748 | Lair:1   | 12748 ||| ENCHANTING +2 war axe.
 12754 | Lair:1   | 12754 ||| Stepping ~*~*~tactically~*~*~ (stealth).
 12755 | Lair:1   | 12755 ||| INVOKING Heroism.
 12860 | Lair:1   | 12860 ||| INVOKING Heroism.
 13190 | Lair:1   | 13190 ||| UPGRADING to +1 kite shield of protection.
 13200 | Lair:1   | 13200 ||| DROPPING +0 buckler.
 13201 | Lair:1   | 13201 ||| DROPPING amulet of Cosh {Faith Contam Harm rPois
                  | Slay+2}.
 13202 | Lair:1   | 13202 ||| READING 8 scrolls of identify.
 13202 | Lair:1   | 13202 ||| IDENTIFYING metallic pink potion
 13203 | Lair:1   | 13203 ||| DROPPING potion of invisibility.
 13224 | Lair:2   | 13224 ||| STAIRDANCE
 13243 | Lair:2   | 13243 ||| STAIRDANCE
 13245 | Lair:1   | 13245 ||| INVOKING Heroism.
 13276 | Lair:2   | 13276 ||| Stepping ~*~*~tactically~*~*~ (stealth).
 13279 | Lair:2   | 13279 ||| Stepping ~*~*~tactically~*~*~ (stealth).
 13282 | Lair:2   | 13282 ||| INVOKING Heroism.
 13442 | Lair:2   | 13442 ||| INVOKING Heroism.
 13498 | Lair:2   | Noticed a catoblepas
 13499 | Lair:2   | 13499 ||| INVOKING Heroism.
 13500 | Lair:2   | 13500 ||| INVOKING Finesse.
 13503 | Lair:2   | Noticed an eight-headed hydra
 13506 | Lair:2   | 13506 ||| SWAPPING to +1 demon whip of venom.
 13519 | Lair:2   | Killed a catoblepas
 13529 | Lair:2   | Killed an eight-headed hydra
 13530 | Lair:2   | 13530 ||| SWAPPING to +3 war axe.
 13646 | Lair:2   | 13646 ||| INVOKING Heroism.
 13697 | Lair:2   | Reached skill level 9 in Shields
 13790 | Lair:2   | 13790 ||| INVOKING Heroism.
 13802 | Lair:2   | Reached skill level 9 in Armour
 13930 | Lair:2   | Reached XP level 13. HP: 70/80 MP: 20/20
 13949 | Lair:2   | 13949 ||| Stepping ~*~*~tactically~*~*~ (stealth).
 13950 | Lair:2   | 13950 ||| INVOKING Heroism.
 14021 | Lair:2   | Found a hole to the Spider Nest.
 14026 | Lair:2   | 14026 ||| Stepping ~*~*~tactically~*~*~ (hiding).
 14037 | Lair:2   | Received a gift from Okawaru
 14083 | Lair:2   | 14083 ||| SWAPPING to +2 broad axe of freezing.
 14084 | Lair:2   | 14084 ||| DROPPING +3 war axe.
 14205 | Lair:2   | 14205 ||| Stepping ~*~*~tactically~*~*~ (hiding).
 14211 | Lair:2   | 14211 ||| INVOKING Heroism.
 14212 | Lair:2   | 14212 ||| INVOKING Finesse.
 14664 | Lair:2   | 14664 ||| READING scroll of enchant armour.
 14664 | Lair:2   | 14664 ||| ENCHANTING +0 pair of boots.
 14772 | Lair:2   | 14772 ||| UPGRADING to +0 tower shield.
 14782 | Lair:2   | 14782 ||| DROPPING +1 kite shield of protection.
 14822 | Lair:3   | 14822 ||| STAIRDANCE
 14934 | Lair:3   | 14934 ||| Stepping ~*~*~tactically~*~*~ (stealth).
 14937 | Lair:3   | 14937 ||| INVOKING Heroism.
 14939 | Lair:3   | 14939 ||| Stepping ~*~*~tactically~*~*~ (stealth).
 15009 | Lair:3   | 15009 ||| Stepping ~*~*~tactically~*~*~ (stealth).
 15115 | Lair:3   | 15115 ||| READING scroll of enchant weapon.
 15115 | Lair:3   | 15115 ||| ENCHANTING +2 broad axe of freezing.
 15127 | Lair:3   | Noticed Gastronok
 15128 | Lair:3   | 15128 ||| INVOKING Heroism.
 15139 | Lair:3   | Killed Gastronok
 15286 | Lair:3   | Found a staircase to the Swamp.
 15289 | Lair:3   | 15289 ||| INVOKING Heroism.
 15309 | Lair:3   | Reached skill level 12 in Shields
 15348 | Lair:3   | 15348 ||| INVOKING Heroism.
 15553 | Lair:3   | 15553 ||| DROPPING scarf of shadows.
 15554 | Lair:3   | 15554 ||| UPGRADING to +3 hat of Pondering {ponderous,
                  | Will+ MP+10 Int+5}.
 15605 | Lair:3   | 15605 ||| READING 2 scrolls labelled SISI UWUAS.
 15606 | Lair:3   | 15606 ||| DROPPING scroll of magic mapping.
 15636 | Lair:4   | Found a runed translucent door.
 15637 | Lair:4   | Found a viscous altar of Jiyva.
 15844 | Lair:4   | Identified the +1 pair of boots "Ydidwokh" {Rampage Int+6}
                  | (Okawaru gifted it to you on level 4 of the Lair of Beasts)
 15844 | Lair:4   | Received a gift from Okawaru
 15884 | Lair:4   | Noticed Sonja
 15885 | Lair:4   | 15885 ||| INVOKING Finesse.
 15893 | Lair:4   | 15893 ||| INVOKING Heroism.
 15895 | Lair:4   | HP: 15/82 [Sonja/+0 short sword of distortion (7)]
 15896 | Lair:4   | 15896 ||| READING 7 scrolls of teleportation.
 15897 | Lair:4   | 15897 ||| DRINKING 4 potions of heal wounds.
 16181 | Lair:4   | 16181 ||| Stepping ~*~*~tactically~*~*~ (stealth).
 16182 | Lair:4   | 16182 ||| INVOKING Finesse.
 16199 | Lair:4   | 16199 ||| INVOKING Heroism.
 16200 | Lair:4   | HP: 11/82 [Sonja/+0 short sword of distortion (19)]
 16201 | Lair:4   | 16201 ||| READING 6 scrolls of teleportation.
 16202 | Lair:4   | 16202 ||| DRINKING 3 potions of heal wounds.
 16435 | Lair:4   | Found a staircase to the Slime Pits.
 16787 | Lair:4   | 16787 ||| DROPPING +1 pair of boots "Ydidwokh" {Rampage
                  | Int+6}.
 16812 | Lair:5   | Entered Level 5 of the Lair of Beasts
 16819 | Lair:5   | 16819 ||| INVOKING Heroism.
 16820 | Lair:5   | 16820 ||| INVOKING Finesse.
 16824 | Lair:5   | 16824 ||| SWAPPING to +1 demon whip of venom.
 16842 | Lair:5   | 16842 ||| SWAPPING to +3 broad axe of freezing.
 16918 | Lair:5   | 16918 ||| INVOKING Heroism.
 16966 | Lair:5   | 16966 ||| Stepping ~*~*~tactically~*~*~ (stealth).
 16986 | Lair:5   | 16986 ||| Stepping ~*~*~tactically~*~*~ (stealth).
 16987 | Lair:5   | 16987 ||| Stepping ~*~*~tactically~*~*~ (stealth).
 17013 | Lair:5   | 17013 ||| Stepping ~*~*~tactically~*~*~ (stealth).
 17025 | Lair:5   | 17025 ||| Stepping ~*~*~tactically~*~*~ (stealth).
 17029 | Lair:5   | 17029 ||| INVOKING Heroism.
 17035 | Lair:5   | 17035 ||| Stepping ~*~*~tactically~*~*~ (stealth).
 17062 | Lair:5   | 17062 ||| Stepping ~*~*~tactically~*~*~ (stealth).
 17078 | Lair:5   | 17078 ||| Stepping ~*~*~tactically~*~*~ (hiding).
 17080 | Lair:5   | 17080 ||| INVOKING Heroism.
 17097 | Lair:5   | 17097 ||| Stepping ~*~*~tactically~*~*~ (stealth).
 17113 | Lair:5   | 17113 ||| Stepping ~*~*~tactically~*~*~ (stealth).
 17161 | Lair:5   | 17161 ||| FLEEEEING.
 17377 | Lair:5   | 17377 ||| FLEEEEING.
 17381 | Lair:5   | 17381 ||| INVOKING Heroism.
 17478 | Lair:5   | 17478 ||| Stepping ~*~*~tactically~*~*~ (stealth).
 17479 | Lair:5   | 17479 ||| Stepping ~*~*~tactically~*~*~ (stealth).
 17482 | Lair:5   | 17482 ||| INVOKING Heroism.
 17512 | Lair:5   | 17512 ||| INVOKING Heroism.
 17530 | Lair:5   | 17530 ||| Stepping ~*~*~tactically~*~*~ (stealth).
 17533 | Lair:5   | 17533 ||| Stepping ~*~*~tactically~*~*~ (stealth).
 17618 | Lair:5   | Found a runed translucent door.
 17619 | Lair:5   | Noticed an ice dragon
 17620 | Lair:5   | 17620 ||| INVOKING Heroism.
 17652 | Lair:5   | 17652 ||| Stepping ~*~*~tactically~*~*~ (stealth).
 17653 | Lair:5   | 17653 ||| Stepping ~*~*~tactically~*~*~ (stealth).
 17658 | Lair:5   | 17658 ||| INVOKING Heroism.
 17661 | Lair:5   | 17661 ||| Stepping ~*~*~tactically~*~*~ (stealth).
 17691 | Lair:5   | 17691 ||| Stepping ~*~*~tactically~*~*~ (stealth).
 17692 | Lair:5   | 17692 ||| Stepping ~*~*~tactically~*~*~ (stealth).
 17695 | Lair:5   | 17695 ||| Stepping ~*~*~tactically~*~*~ (stealth).
 17708 | Lair:5   | 17708 ||| Stepping ~*~*~tactically~*~*~ (stealth).
 17717 | Lair:5   | 17717 ||| FLEEEEING.
 17718 | Lair:5   | 17718 ||| FLEEEEING.
 17719 | Lair:5   | 17719 ||| INVOKING Heroism.
 17734 | Lair:5   | Gained mutation: Your large and strong wings let you fly.
                  | [Gargoyle growth]
 17734 | Lair:5   | Reached XP level 14. HP: 88/88 MP: 21/21
 17744 | Lair:5   | 17744 ||| READING scroll of enchant weapon.
 17744 | Lair:5   | 17744 ||| ENCHANTING +3 broad axe of freezing.
 17768 | Lair:5   | 17768 ||| Stepping ~*~*~tactically~*~*~ (hiding).
 17769 | Lair:5   | 17769 ||| Stepping ~*~*~tactically~*~*~ (hiding).
 17845 | Lair:5   | 17845 ||| Stepping ~*~*~tactically~*~*~ (hiding).
 17846 | Lair:5   | 17846 ||| INVOKING Heroism.
 17861 | Lair:5   | Found the +2 hood of the Assassin {Detection Stab+ Stlth++}
 17914 | Lair:5   | 17914 ||| INVOKING Heroism.
 18035 | Lair:5   | 18035 ||| Stepping ~*~*~tactically~*~*~ (stealth).
 18141 | Lair:5   | 18141 ||| INVOKING Heroism.
 18165 | Lair:5   | 18165 ||| Stepping ~*~*~tactically~*~*~ (stealth).
 18169 | Lair:5   | 18169 ||| Stepping ~*~*~tactically~*~*~ (stealth).
 18179 | Lair:5   | 18179 ||| Stepping ~*~*~tactically~*~*~ (stealth).
 18184 | Lair:5   | Reached skill level 15 in Shields
 18189 | Lair:5   | 18189 ||| Stepping ~*~*~tactically~*~*~ (stealth).
 18228 | Lair:5   | 18228 ||| Stepping ~*~*~tactically~*~*~ (stealth).
 18238 | Lair:5   | 18238 ||| Stepping ~*~*~tactically~*~*~ (stealth).
 18317 | Lair:5   | 18317 ||| Stepping ~*~*~tactically~*~*~ (stealth).
 18340 | Lair:5   | 18340 ||| INVOKING Heroism.
 18466 | Lair:5   | 18466 ||| Stepping ~*~*~tactically~*~*~ (stealth).
 18506 | Lair:5   | 18506 ||| Stepping ~*~*~tactically~*~*~ (hiding).
 18567 | Lair:5   | 18567 ||| Stepping ~*~*~tactically~*~*~ (stealth).
 18735 | Lair:5   | 18735 ||| Stepping ~*~*~tactically~*~*~ (stealth).
 18803 | Lair:5   | 18803 ||| Stepping ~*~*~tactically~*~*~ (stealth).
 18805 | Lair:5   | 18805 ||| Stepping ~*~*~tactically~*~*~ (stealth).
 18812 | Lair:5   | 18812 ||| FLEEEEING.
 18817 | Lair:5   | 18817 ||| INVOKING Heroism.
 18874 | Lair:5   | 18874 ||| Stepping ~*~*~tactically~*~*~ (stealth).
 18887 | Lair:5   | 18887 ||| Stepping ~*~*~tactically~*~*~ (stealth).
 18911 | Lair:5   | 18911 ||| Stepping ~*~*~tactically~*~*~ (stealth).
 18941 | Lair:5   | 18941 ||| Stepping ~*~*~tactically~*~*~ (stealth).
 18942 | Lair:5   | 18942 ||| INVOKING Heroism.
 18949 | Lair:5   | Received a gift from Okawaru
 19079 | Lair:5   | 19079 ||| Stepping ~*~*~tactically~*~*~ (hiding).
 19082 | Lair:5   | 19082 ||| Stepping ~*~*~tactically~*~*~ (hiding).
 19099 | Lair:5   | 19099 ||| INVOKING Heroism.
 19381 | Lair:5   | 19381 ||| PLANNING D
 19381 | Lair:5   | 19381 ||| UPGRADING to +1 pair of gloves.
 19386 | Lair:5   | 19386 ||| READING scroll labelled ROEQOL VEIMIM.
 19387 | Lair:5   | 19387 ||| READING scroll labelled ESEMUE SATOAS.
 19387 | Lair:5   | Identified a scroll of acquirement
 19387 | Lair:5   | 19387 ||| ACQUIRING +2 pair of gloves of dexterity
 19387 | Lair:5   | Acquired a +2 pair of gloves of dexterity
 19389 | Lair:5   | 19389 ||| UPGRADING to +2 pair of gloves of dexterity.
 19399 | Lair:5   | 19399 ||| DROPPING +1 pair of gloves.
 19450 | Lair:4   | 19450 ||| INVOKING Finesse.
 19469 | Lair:4   | 19469 ||| INVOKING Heroism.
 19473 | Lair:4   | Killed Sonja
 19473 | Lair:4   | Received a gift from Okawaru
 19752 | D:12     | 19752 ||| PLANNING GAUNTLET
 19754 | D:12     | 19754 ||| READING scroll of enchant armour.
 19754 | D:12     | 19754 ||| ENCHANTING +1 pair of boots.
 19755 | D:12     | Found a runed translucent gate.
 19757 | D:12     | Found a runed translucent gate.
 19759 | D:12     | Found a runed translucent gate.
 19766 | D:12     | Noticed BraveToast's ghost (journeyman FoFi)
 19775 | D:12     | 19775 ||| Stepping ~*~*~tactically~*~*~ (hiding).
 19893 | D:12     | 19893 ||| INVOKING Heroism.
 19962 | D:12     | Found a gate leading to a gauntlet.
 19968 | Gauntlet | Entered a Gauntlet
 19968 | Gauntlet | Found a runed translucent door.
 19968 | Gauntlet | Found a transporter.
 19968 | Gauntlet | Found a runed translucent door.
 19968 | Gauntlet | Found a transporter.
 19968 | Gauntlet | Found a transporter.
 19980 | Gauntlet | Found a transporter.
 19983 | Gauntlet | Found a transporter.
 19991 | Gauntlet | Found a transporter.
 19994 | Gauntlet | Found a transporter.
 20004 | Gauntlet | Found a transporter.
 20022 | Gauntlet | Found a transporter.
 20042 | Gauntlet | Found a transporter.
 20044 | Gauntlet | Found a transporter.
 20054 | Gauntlet | Found a transporter.
 20161 | Gauntlet | 20161 ||| DROPPING amulet of the acrobat.
 20169 | Gauntlet | 20169 ||| INVOKING Heroism.
 20251 | Gauntlet | Identified the +4 dagger of Mastery {drain, Fragile Will+
                  | Dex+5}
 20256 | Gauntlet | 20256 ||| INVOKING Heroism.
 20257 | Gauntlet | 20257 ||| INVOKING Finesse.
 20260 | Gauntlet | Paralysed by a floating eye for 3 turns
 20302 | Gauntlet | Reached skill level 3 in Throwing
 20333 | Gauntlet | 20333 ||| Stepping ~*~*~tactically~*~*~ (stealth).
 20340 | Gauntlet | 20340 ||| Stepping ~*~*~tactically~*~*~ (stealth).
 20344 | Gauntlet | 20344 ||| INVOKING Heroism.
 20345 | Gauntlet | 20345 ||| INVOKING Finesse.
 20680 | D:12     | 20680 ||| PLANNING D
 20751 | D:12     | Received a gift from Okawaru
 20835 | D:12     | 20835 ||| Stepping ~*~*~tactically~*~*~ (stealth).
 20837 | D:12     | Noticed Urug
 20837 | D:12     | 20837 ||| INVOKING Heroism.
 20840 | D:12     | 20840 ||| Stepping ~*~*~tactically~*~*~ (hiding).
 20860 | D:12     | Killed Urug
 20936 | D:12     | 20936 ||| INVOKING Heroism.
 21479 | D:13     | 21479 ||| Stepping ~*~*~tactically~*~*~ (stealth).
 21563 | D:13     | 21563 ||| INVOKING Heroism.
 21754 | D:13     | Found a frozen archway.
 21816 | D:13     | 21816 ||| Stepping ~*~*~tactically~*~*~ (hiding).
 21818 | D:13     | 21818 ||| Stepping ~*~*~tactically~*~*~ (hiding).
 21820 | D:13     | 21820 ||| INVOKING Heroism.
 21828 | D:13     | Received a gift from Okawaru
 21829 | D:13     | Reached XP level 15. HP: 88/92 MP: 22/22
 21944 | D:13     | 21944 ||| Stepping ~*~*~tactically~*~*~ (hiding).
 21949 | D:13     | Reached skill level 3 in Dodging
 21956 | D:13     | 21956 ||| Stepping ~*~*~tactically~*~*~ (stealth).
 21959 | D:13     | 21959 ||| Stepping ~*~*~tactically~*~*~ (stealth).
 22034 | D:13     | Found a runed translucent gate.
 22034 | D:13     | Found a runed translucent gate.
 22034 | D:13     | Found a runed translucent gate.
 22038 | D:13     | Found an ancient bone altar of Kikubaaqudgha.
 22038 | D:13     | Noticed a lich
 22038 | D:13     | Noticed a lich
 22038 | D:13     | Found the necklace of Bloodlust {*Rage Will++ Int-3 Slay+6}
 22038 | D:13     | Noticed a lich
 22038 | D:13     | Noticed qdestroyer's ghost (journeyman MiFi)
 22039 | D:13     | Noticed Yqoodd's ghost (journeyman GnWr)
 22057 | D:13     | 22057 ||| INVOKING Heroism.
 22059 | D:13     | 22059 ||| Stepping ~*~*~tactically~*~*~ (stealth).
 22067 | D:13     | Received a gift from Okawaru
 22079 | D:13     | 22079 ||| INVOKING Heroism.
 22399 | D:13     | 22399 ||| INVOKING Heroism.
 22689 | D:13     | 22689 ||| Stepping ~*~*~tactically~*~*~ (stealth).
 22692 | D:13     | 22692 ||| FLEEEEING.
 22705 | D:13     | 22705 ||| FLEEEEING.
 22706 | D:13     | 22706 ||| FLEEEEING.
 22707 | D:13     | 22707 ||| FLEEEEING.
 22708 | D:13     | 22708 ||| FLEEEEING.
 22783 | D:13     | 22783 ||| INVOKING Heroism.
 22998 | D:13     | 22998 ||| DROPPING +6 ring of intelligence.
 22999 | D:13     | 22999 ||| DRINKING 2 smoky silvery potions.
 23000 | D:13     | 23000 ||| DROPPING potion of degeneration.
 23036 | D:14     | Found an iron altar of Okawaru.
 23110 | D:14     | 23110 ||| INVOKING Heroism.
 23111 | D:14     | 23111 ||| INVOKING Finesse.
 23113 | D:14     | 23113 ||| SWAPPING to +1 demon whip of venom.
 23114 | D:14     | 23114 ||| Stepping ~*~*~tactically~*~*~ (outnumbered).
 23115 | D:14     | 23115 ||| Stepping ~*~*~tactically~*~*~ (outnumbered).
 23128 | D:14     | 23128 ||| Stepping ~*~*~tactically~*~*~ (outnumbered).
 23129 | D:14     | Reached skill level 6 in Throwing
 23131 | D:14     | 23131 ||| Stepping ~*~*~tactically~*~*~ (outnumbered).
 23142 | D:14     | 23142 ||| SWAPPING to +4 spectral broad axe.
 23337 | D:14     | 23337 ||| Stepping ~*~*~tactically~*~*~ (hiding).
 23339 | D:14     | 23339 ||| INVOKING Heroism.
 23478 | D:14     | 23478 ||| INVOKING Heroism.
 23479 | D:14     | 23479 ||| SWAPPING to +1 demon whip of venom.
 23480 | D:14     | 23480 ||| INVOKING Finesse.
 23486 | D:14     | 23486 ||| SWAPPING to +4 spectral broad axe.
 23520 | D:14     | Noticed Nessos
 23521 | D:14     | 23521 ||| Stepping ~*~*~tactically~*~*~ (hiding).
 23522 | D:14     | 23522 ||| INVOKING Finesse.
 23525 | D:14     | Killed Nessos
 23742 | D:14     | 23742 ||| Stepping ~*~*~tactically~*~*~ (stealth).
 23743 | D:14     | 23743 ||| Stepping ~*~*~tactically~*~*~ (stealth).
 23962 | D:14     | 23962 ||| INVOKING Heroism.
 23963 | D:14     | 23963 ||| Stepping ~*~*~tactically~*~*~ (hiding).
 24033 | D:14     | Found a gate to the Vaults.
 24044 | D:14     | Identified the +1 robe "Ceczukhla" {rF+} (Okawaru gifted it
                  | to you on level 14 of the Dungeon)
 24044 | D:14     | Received a gift from Okawaru
 24045 | D:14     | Reached skill level 15 in Axes
 24133 | D:14     | 24133 ||| Stepping ~*~*~tactically~*~*~ (hiding).
 24170 | D:14     | Identified the +4 leather armour "Reym" {rCorr Str+3}
 24307 | D:14     | Noticed Roxanne
 24308 | D:14     | 24308 ||| INVOKING Heroism.
 24309 | D:14     | 24309 ||| INVOKING Finesse.
 24319 | D:14     | Killed Roxanne
 24501 | D:14     | 24501 ||| Stepping ~*~*~tactically~*~*~ (hiding).
 24503 | D:14     | 24503 ||| Stepping ~*~*~tactically~*~*~ (hiding).
 24792 | D:15     | Entered Level 15 of the Dungeon
 24844 | D:15     | Noticed Azrael
 24845 | D:15     | 24845 ||| INVOKING Heroism.
 24846 | D:15     | 24846 ||| INVOKING Finesse.
 24853 | D:15     | Killed Azrael
 25035 | D:15     | 25035 ||| Stepping ~*~*~tactically~*~*~ (stealth).
 25036 | D:15     | 25036 ||| Stepping ~*~*~tactically~*~*~ (stealth).
 25040 | D:15     | 25040 ||| Stepping ~*~*~tactically~*~*~ (hiding).
 25216 | D:15     | 25216 ||| Stepping ~*~*~tactically~*~*~ (hiding).
 25241 | D:15     | 25241 ||| FLEEEEING.
 25242 | D:15     | 25242 ||| FLEEEEING.
 25243 | D:15     | 25243 ||| FLEEEEING.
 25244 | D:15     | 25244 ||| Stepping ~*~*~tactically~*~*~ (hiding).
 25245 | D:15     | 25245 ||| FLEEEEING.
 25248 | D:15     | 25248 ||| Stepping ~*~*~tactically~*~*~ (hiding).
 25249 | D:15     | 25249 ||| INVOKING Heroism.
 25250 | D:15     | 25250 ||| SWAPPING to +1 demon whip of venom.
 25251 | D:15     | 25251 ||| INVOKING Finesse.
 25260 | D:15     | 25260 ||| SWAPPING to +4 spectral broad axe.
 25274 | D:15     | 25274 ||| INVOKING Heroism.
 25280 | D:15     | Reached skill level 12 in Fighting
 25280 | D:15     | Reached XP level 16. HP: 88/101 MP: 23/23
 25283 | D:15     | Noticed Kirke
 25304 | D:15     | Killed Kirke
 25606 | D:15     | Found a staircase to the Depths.
 25710 | D:15     | 25710 ||| Stepping ~*~*~tactically~*~*~ (hiding).
 25731 | D:15     | 25731 ||| Stepping ~*~*~tactically~*~*~ (hiding).
 25732 | D:15     | 25732 ||| Stepping ~*~*~tactically~*~*~ (hiding).
 25884 | D:15     | 25884 ||| INVOKING Heroism.
 26310 | D:15     | 26310 ||| PLANNING ORC
 26486 | Orc:1    | Entered Level 1 of the Orcish Mines
 26494 | Orc:1    | Noticed Snorg
 26495 | Orc:1    | 26495 ||| Stepping ~*~*~tactically~*~*~ (stealth).
 26498 | Orc:1    | Noticed Harold
 26499 | Orc:1    | 26499 ||| Stepping ~*~*~tactically~*~*~ (hiding).
 26508 | Orc:1    | Killed Harold
 26508 | Orc:1    | Received a gift from Okawaru
 26529 | Orc:1    | 26529 ||| INVOKING Heroism.
 26531 | Orc:1    | Killed Snorg
 26755 | Orc:1    | Found a dark tunnel.
 26785 | Orc:1    | 26785 ||| Stepping ~*~*~tactically~*~*~ (hiding).
 26786 | Orc:1    | 26786 ||| Stepping ~*~*~tactically~*~*~ (hiding).
 26788 | Orc:1    | 26788 ||| Stepping ~*~*~tactically~*~*~ (stealth).
 26790 | Orc:1    | 26790 ||| INVOKING Heroism.
 26792 | Orc:1    | 26792 ||| Stepping ~*~*~tactically~*~*~ (hiding).
 26804 | Orc:1    | 26804 ||| Stepping ~*~*~tactically~*~*~ (hiding).
 27053 | Orc:2    | Entered Level 2 of the Orcish Mines
 27134 | Orc:2    | 27134 ||| INVOKING Heroism.
 27181 | Orc:2    | 27181 ||| INVOKING Heroism.
 27183 | Orc:2    | 27183 ||| Stepping ~*~*~tactically~*~*~ (hiding).
 27190 | Orc:2    | Found Giolepuo's Assorted Antiques.
 27201 | Orc:2    | 27201 ||| BUYING potion of heal wounds (155 gold).
 27201 | Orc:2    | Bought a potion of heal wounds for 155 gold pieces
 27201 | Orc:2    | 27201 ||| BUYING potion of might (124 gold).
 27201 | Orc:2    | Bought a potion of might for 124 gold pieces
 27201 | Orc:2    | 27201 ||| BUYING scroll of enchant armour (232 gold).
 27201 | Orc:2    | Bought a scroll of enchant armour for 232 gold pieces
 27201 | Orc:2    | 27201 ||| READING scroll of enchant armour.
 27201 | Orc:2    | 27201 ||| ENCHANTING +0 cloak.
 27207 | Orc:2    | Found Nuoleoma's Jewellery Shoppe.
 27208 | Orc:2    | 27208 ||| INVOKING Heroism.
 27284 | Orc:2    | 27284 ||| BUYING +4 ring of slaying (1092 gold).
 27284 | Orc:2    | Bought a +4 ring of slaying for 1092 gold pieces
 27284 | Orc:2    | 27284 ||| SHOPLISTING ring of fire (350 gold, have 343).
 27284 | Orc:2    | 27284 ||| SHOPLISTING ring of protection from fire (350
                  | gold, have 343).
 27330 | Orc:2    | 27330 ||| INVOKING Heroism.
 27387 | Orc:2    | 27387 ||| INVOKING Heroism.
 27428 | Orc:2    | 27428 ||| FLEEEEING.
 27429 | Orc:2    | 27429 ||| FLEEEEING.
 27430 | Orc:2    | 27430 ||| FLEEEEING.
 27431 | Orc:2    | 27431 ||| FLEEEEING.
 27432 | Orc:2    | 27432 ||| FLEEEEING.
 27433 | Orc:2    | 27433 ||| FLEEEEING.
 27434 | Orc:2    | 27434 ||| FLEEEEING.
 27438 | Orc:2    | 27438 ||| INVOKING Heroism.
 27520 | Orc:2    | 27520 ||| FLEEEEING.
 27521 | Orc:2    | 27521 ||| FLEEEEING.
 27525 | Orc:2    | 27525 ||| FLEEEEING.
 27526 | Orc:2    | 27526 ||| FLEEEEING.
 27527 | Orc:2    | 27527 ||| FLEEEEING.
 27528 | Orc:2    | 27528 ||| FLEEEEING.
 27664 | Orc:2    | 27664 ||| Stepping ~*~*~tactically~*~*~ (hiding).
 27734 | Orc:2    | Found a staircase to the Elven Halls.
 27749 | Orc:2    | Found Veall's Magic Scroll Shoppe.
 27749 | Orc:2    | Found Rytroq's Jewellery Boutique.
 27765 | Orc:2    | 27765 ||| BUYING +4 ring of evasion (504 gold).
 27765 | Orc:2    | Bought a +4 ring of evasion for 504 gold pieces
 27765 | Orc:2    | 27765 ||| SHOPLISTING ring of ice (350 gold, have 10).
 27765 | Orc:2    | 27765 ||| SHOPLISTING ring of protection from cold (350
                  | gold, have 10).
 27765 | Orc:2    | 27765 ||| SHOPLISTING ring of resist corrosion (280 gold,
                  | have 10).
 28022 | Orc:2    | 28022 ||| DROPPING ring of positive energy.
 28023 | Orc:2    | 28023 ||| DROPPING ring of see invisible.
 28024 | Orc:2    | 28024 ||| DROPPING +6 ring of dexterity.
 28025 | Orc:2    | 28025 ||| UPGRADING to +4 ring of slaying {mikee}.
 28045 | Orc:1    | 28045 ||| INVOKING Heroism.
 28075 | Orc:1    | Noticed Nergalle
 28076 | Orc:1    | 28076 ||| Stepping ~*~*~tactically~*~*~ (stealth).
 28078 | Orc:1    | 28078 ||| Stepping ~*~*~tactically~*~*~ (hiding).
 28079 | Orc:1    | 28079 ||| Stepping ~*~*~tactically~*~*~ (hiding).
 28080 | Orc:1    | 28080 ||| Stepping ~*~*~tactically~*~*~ (hiding).
 28087 | Orc:1    | Killed Nergalle
 28189 | Orc:1    | 28189 ||| PLANNING SWAMP:1-3
 28420 | Swamp:1  | Entered Level 1 of the Swamp
 28426 | Swamp:1  | 28426 ||| INVOKING Heroism.
 28440 | Swamp:1  | 28440 ||| Stepping ~*~*~tactically~*~*~ (hiding).
 28547 | Swamp:1  | 28547 ||| INVOKING Heroism.
 28548 | Swamp:1  | 28548 ||| SWAPPING to +1 demon whip of venom.
 28559 | Swamp:1  | 28559 ||| SWAPPING to +4 spectral broad axe.
 28603 | Swamp:1  | 28603 ||| Stepping ~*~*~tactically~*~*~ (stealth).
 28623 | Swamp:1  | 28623 ||| READING scroll of enchant armour.
 28623 | Swamp:1  | 28623 ||| ENCHANTING +1 cloak.
 28656 | Swamp:1  | 28656 ||| Stepping ~*~*~tactically~*~*~ (hiding).
 28671 | Swamp:1  | 28671 ||| Stepping ~*~*~tactically~*~*~ (stealth).
 28672 | Swamp:1  | 28672 ||| Stepping ~*~*~tactically~*~*~ (stealth).
 28673 | Swamp:1  | 28673 ||| INVOKING Heroism.
 28873 | Swamp:1  | Noticed Josephine
 28874 | Swamp:1  | 28874 ||| Stepping ~*~*~tactically~*~*~ (stealth).
 28875 | Swamp:1  | 28875 ||| Stepping ~*~*~tactically~*~*~ (stealth).
 28883 | Swamp:1  | 28883 ||| Stepping ~*~*~tactically~*~*~ (hiding).
 28893 | Swamp:1  | Killed Josephine
 29098 | Swamp:2  | 29098 ||| Stepping ~*~*~tactically~*~*~ (hiding).
 29099 | Swamp:2  | 29099 ||| INVOKING Heroism.
 29101 | Swamp:2  | 29101 ||| SWAPPING to +1 demon whip of venom.
 29106 | Swamp:2  | 29106 ||| SWAPPING to +4 spectral broad axe.
 29115 | Swamp:2  | 29115 ||| Stepping ~*~*~tactically~*~*~ (cloud).
 29159 | Swamp:2  | 29159 ||| Stepping ~*~*~tactically~*~*~ (stealth).
 29168 | Swamp:2  | Reached skill level 12 in Armour
 29225 | Swamp:2  | Received a gift from Okawaru
 29342 | Swamp:2  | 29342 ||| Stepping ~*~*~tactically~*~*~ (hiding).
 29346 | Swamp:2  | 29346 ||| INVOKING Heroism.
 29353 | Swamp:2  | 29353 ||| Stepping ~*~*~tactically~*~*~ (hiding).
 29358 | Swamp:2  | 29358 ||| INVOKING Finesse.
 29363 | Swamp:2  | 29363 ||| SWAPPING to +1 demon whip of venom.
 29364 | Swamp:2  | 29364 ||| INVOKING Heroism.
 29368 | Swamp:2  | 29368 ||| Stepping ~*~*~tactically~*~*~ (cloud).
 29369 | Swamp:2  | 29369 ||| SWAPPING to +4 spectral broad axe.
 29700 | Swamp:2  | 29700 ||| DROPPING amulet of regeneration.
 29718 | Swamp:3  | 29718 ||| INVOKING Heroism.
 29817 | Swamp:3  | 29817 ||| INVOKING Heroism.
 29818 | Swamp:3  | Noticed a tentacled monstrosity
 29836 | Swamp:3  | Killed a tentacled monstrosity
 29971 | Swamp:3  | Noticed a thorn hunter
 29972 | Swamp:3  | 29972 ||| INVOKING Heroism.
 29982 | Swamp:3  | Killed a thorn hunter
 30038 | Swamp:3  | 30038 ||| Stepping ~*~*~tactically~*~*~ (hiding).
 30039 | Swamp:3  | 30039 ||| Stepping ~*~*~tactically~*~*~ (hiding).
 30067 | Swamp:3  | 30067 ||| READING scroll of enchant weapon.
 30067 | Swamp:3  | 30067 ||| ENCHANTING +4 spectral broad axe.
 30156 | Swamp:3  | 30156 ||| INVOKING Heroism.
 30207 | Swamp:3  | 30207 ||| INVOKING Heroism.
 30241 | Swamp:3  | Reached XP level 17. HP: 101/106 MP: 24/24
 30264 | Swamp:3  | 30264 ||| Stepping ~*~*~tactically~*~*~ (hiding).
 30265 | Swamp:3  | 30265 ||| Stepping ~*~*~tactically~*~*~ (hiding).
 30268 | Swamp:3  | 30268 ||| Stepping ~*~*~tactically~*~*~ (hiding).
 30415 | Swamp:3  | 30415 ||| Stepping ~*~*~tactically~*~*~ (hiding).
 30670 | Swamp:3  | 30670 ||| PLANNING SPIDER:1-3
 30757 | Spider:1 | Entered Level 1 of the Spider Nest
 30760 | Spider:1 | 30760 ||| Stepping ~*~*~tactically~*~*~ (hiding).
 30784 | Spider:1 | Received a gift from Okawaru
 30909 | Spider:1 | Noticed Mlioglotl
 30910 | Spider:1 | 30910 ||| INVOKING Heroism.
 30918 | Spider:1 | Killed Mlioglotl
 30918 | Spider:1 | Received a gift from Okawaru
 30997 | Spider:1 | 30997 ||| INVOKING Heroism.
 31012 | Spider:1 | 31012 ||| Stepping ~*~*~tactically~*~*~ (hiding).
 31030 | Spider:1 | 31030 ||| Stepping ~*~*~tactically~*~*~ (stealth).
 31050 | Spider:1 | 31050 ||| INVOKING Heroism.
 31059 | Spider:1 | Received a gift from Okawaru
 31071 | Spider:1 | 31071 ||| Stepping ~*~*~tactically~*~*~ (stealth).
 31099 | Spider:1 | 31099 ||| Stepping ~*~*~tactically~*~*~ (stealth).
 31106 | Spider:1 | 31106 ||| Stepping ~*~*~tactically~*~*~ (stealth).
 31109 | Spider:1 | 31109 ||| INVOKING Heroism.
 31174 | Spider:1 | 31174 ||| INVOKING Heroism.
 31408 | Spider:1 | 31408 ||| Stepping ~*~*~tactically~*~*~ (stealth).
 31409 | Spider:1 | 31409 ||| Stepping ~*~*~tactically~*~*~ (stealth).
 31513 | Spider:1 | 31513 ||| INVOKING Heroism.
 31704 | Spider:1 | 31704 ||| Stepping ~*~*~tactically~*~*~ (stealth).
 31725 | Spider:1 | 31725 ||| Stepping ~*~*~tactically~*~*~ (stealth).
 31886 | Spider:1 | 31886 ||| Stepping ~*~*~tactically~*~*~ (hiding).
 32042 | Spider:1 | 32042 ||| Stepping ~*~*~tactically~*~*~ (stealth).
 32044 | Spider:1 | 32044 ||| Stepping ~*~*~tactically~*~*~ (hiding).
 32045 | Spider:1 | 32045 ||| Stepping ~*~*~tactically~*~*~ (hiding).
 32053 | Spider:1 | 32053 ||| Stepping ~*~*~tactically~*~*~ (stealth).
 32076 | Spider:1 | 32076 ||| INVOKING Finesse.
 32078 | Spider:1 | 32078 ||| INVOKING Heroism.
 32501 | Spider:2 | 32501 ||| STAIRDANCE
 32565 | Spider:2 | 32565 ||| Stepping ~*~*~tactically~*~*~ (hiding).
 32672 | Spider:2 | 32672 ||| INVOKING Heroism.
 32889 | Spider:2 | 32889 ||| Stepping ~*~*~tactically~*~*~ (stealth).
 32906 | Spider:2 | Noticed Arachne
 32907 | Spider:2 | 32907 ||| INVOKING Finesse.
 32918 | Spider:2 | Killed Arachne
 33010 | Spider:2 | 33010 ||| Stepping ~*~*~tactically~*~*~ (stealth).
 33013 | Spider:2 | 33013 ||| INVOKING Finesse.
 33016 | Spider:2 | 33016 ||| Stepping ~*~*~tactically~*~*~ (hiding).
 33021 | Spider:2 | 33021 ||| INVOKING Heroism.
 33022 | Spider:2 | Received a gift from Okawaru
 33177 | Spider:2 | 33177 ||| INVOKING Heroism.
 33178 | Spider:2 | 33178 ||| INVOKING Finesse.
 33194 | Spider:2 | Noticed an acid blob
 33201 | Spider:2 | Killed an acid blob
 33428 | Spider:2 | 33428 ||| Stepping ~*~*~tactically~*~*~ (hiding).
 33535 | Spider:2 | Received a gift from Okawaru
 33639 | Spider:2 | 33639 ||| Stepping ~*~*~tactically~*~*~ (stealth).
 33641 | Spider:2 | 33641 ||| Stepping ~*~*~tactically~*~*~ (stealth).
 33644 | Spider:2 | 33644 ||| Stepping ~*~*~tactically~*~*~ (stealth).
 33715 | Spider:2 | 33715 ||| Stepping ~*~*~tactically~*~*~ (stealth).
 33737 | Spider:2 | Reached skill level 18 in Axes
 33738 | Spider:2 | 33738 ||| Stepping ~*~*~tactically~*~*~ (stealth).
 33747 | Spider:2 | Identified the +3 cloak of Isurgh {SInv} (Okawaru gifted it
                  | to you on level 2 of the Spider Nest)
 33747 | Spider:2 | Received a gift from Okawaru
 33794 | Spider:2 | 33794 ||| INVOKING Heroism.
 33958 | Spider:2 | 33958 ||| Stepping ~*~*~tactically~*~*~ (hiding).
 33999 | Spider:2 | 33999 ||| Stepping ~*~*~tactically~*~*~ (stealth).
 34000 | Spider:2 | 34000 ||| Stepping ~*~*~tactically~*~*~ (stealth).
 34156 | Spider:2 | Found a transporter.
 34159 | Spider:2 | Found a transporter.
 34173 | Spider:2 | 34173 ||| UPGRADING to +3 cloak of Isurgh {SInv}.
 34183 | Spider:2 | 34183 ||| REMOVING ring of see invisible.
 34184 | Spider:2 | 34184 ||| DROPPING +2 cloak.
 34185 | Spider:2 | 34185 ||| DROPPING ring of see invisible.
 34186 | Spider:2 | 34186 ||| UPGRADING to ring of resist corrosion.
 34187 | Spider:2 | 34187 ||| UPGRADING to ring of protection from fire.
 34189 | Spider:2 | 34189 ||| UPGRADING to +4 ring of evasion.
 34440 | Spider:3 | 34440 ||| Stepping ~*~*~tactically~*~*~ (stealth).
 34489 | Spider:3 | 34489 ||| Stepping ~*~*~tactically~*~*~ (stealth).
 34490 | Spider:3 | 34490 ||| Stepping ~*~*~tactically~*~*~ (stealth).
 34524 | Spider:3 | 34524 ||| Stepping ~*~*~tactically~*~*~ (stealth).
 34528 | Spider:3 | 34528 ||| Stepping ~*~*~tactically~*~*~ (stealth).
 34574 | Spider:3 | 34574 ||| INVOKING Heroism.
 34585 | Spider:3 | Reached XP level 18. HP: 97/114 MP: 25/25
 34644 | Spider:3 | 34644 ||| DROPPING +1 demon whip of venom.
 34778 | Spider:3 | 34778 ||| INVOKING Heroism.
 34939 | Spider:3 | 34939 ||| Stepping ~*~*~tactically~*~*~ (stealth).
 34940 | Spider:3 | 34940 ||| Stepping ~*~*~tactically~*~*~ (stealth).
 34943 | Spider:3 | 34943 ||| Stepping ~*~*~tactically~*~*~ (stealth).
 34946 | Spider:3 | 34946 ||| INVOKING Heroism.
 35058 | Spider:3 | 35058 ||| Stepping ~*~*~tactically~*~*~ (stealth).
 35060 | Spider:3 | 35060 ||| INVOKING Heroism.
 35061 | Spider:3 | 35061 ||| INVOKING Finesse.
 35268 | Spider:3 | 35268 ||| Stepping ~*~*~tactically~*~*~ (hiding).
 35417 | Spider:3 | 35417 ||| Stepping ~*~*~tactically~*~*~ (hiding).
 35418 | Spider:3 | 35418 ||| Stepping ~*~*~tactically~*~*~ (hiding).
 35420 | Spider:3 | 35420 ||| INVOKING Heroism.
 35585 | Spider:3 | 35585 ||| Stepping ~*~*~tactically~*~*~ (hiding).
 35588 | Spider:3 | 35588 ||| INVOKING Heroism.
 35716 | Spider:3 | 35716 ||| Stepping ~*~*~tactically~*~*~ (hiding).
 35882 | Spider:3 | 35882 ||| Stepping ~*~*~tactically~*~*~ (hiding).
 35883 | Spider:3 | 35883 ||| INVOKING Heroism.
 35884 | Spider:3 | 35884 ||| Stepping ~*~*~tactically~*~*~ (hiding).
 36101 | Spider:3 | 36101 ||| PLANNING SWAMP:4
 36101 | Spider:3 | 36101 ||| DROPPING ring of wizardry.
 36255 | Swamp:4  | Entered Level 4 of the Swamp
 36256 | Swamp:4  | 36256 ||| INVOKING Heroism.
 36257 | Swamp:4  | 36257 ||| STAIRDANCE
 36267 | Swamp:4  | 36267 ||| STAIRDANCE
 36272 | Swamp:3  | Reached skill level 18 in Shields
 36374 | Swamp:4  | 36374 ||| INVOKING Heroism.
 36382 | Swamp:4  | Received a gift from Okawaru
 36418 | Swamp:4  | 36418 ||| INVOKING Heroism.
 36448 | Swamp:4  | 36448 ||| INVOKING Heroism.
 36535 | Swamp:4  | 36535 ||| Stepping ~*~*~tactically~*~*~ (cloud).
 36602 | Swamp:4  | 36602 ||| INVOKING Heroism.
 36621 | Swamp:4  | HP: 27/116 [13-headed hydra (5)]
 36622 | Swamp:4  | 36622 ||| READING 14 scrolls of teleportation.
 36622 | Swamp:4  | HP: 12/116 [13-headed hydra (4)]
 36622 | Swamp:4  | HP: 1/116 [13-headed hydra (11)]
 36623 | Swamp:4  | 36623 ||| DRINKING 12 potions of heal wounds.
 36624 | Swamp:4  | 36624 ||| DRINKING 11 potions of heal wounds.
 36877 | Swamp:4  | 36877 ||| Stepping ~*~*~tactically~*~*~ (stealth).
 36879 | Swamp:4  | 36879 ||| Stepping ~*~*~tactically~*~*~ (stealth).
 36901 | Swamp:4  | 36901 ||| INVOKING Heroism.
 36959 | Swamp:4  | 36959 ||| FLEEEEING.
 37035 | Swamp:4  | 37035 ||| Stepping ~*~*~tactically~*~*~ (stealth).
 37036 | Swamp:4  | 37036 ||| Stepping ~*~*~tactically~*~*~ (stealth).
 37043 | Swamp:4  | 37043 ||| Stepping ~*~*~tactically~*~*~ (stealth).
 37045 | Swamp:4  | 37045 ||| Stepping ~*~*~tactically~*~*~ (stealth).
 37047 | Swamp:4  | 37047 ||| Stepping ~*~*~tactically~*~*~ (stealth).
 37048 | Swamp:4  | 37048 ||| Stepping ~*~*~tactically~*~*~ (stealth).
 37074 | Swamp:4  | 37074 ||| Stepping ~*~*~tactically~*~*~ (stealth).
 37086 | Swamp:4  | 37086 ||| Stepping ~*~*~tactically~*~*~ (stealth).
 37096 | Swamp:4  | 37096 ||| INVOKING Heroism.
 37125 | Swamp:4  | HP: 25/118 [19-headed hydra skeleton (6)]
 37126 | Swamp:4  | 37126 ||| READING 13 scrolls of teleportation.
 37127 | Swamp:4  | 37127 ||| DRINKING 10 potions of heal wounds.
 37129 | Swamp:4  | Reached skill level 15 in Fighting
 37129 | Swamp:4  | Received a gift from Okawaru
 37131 | Swamp:4  | Found a basalt altar of Yredelemnul.
 37148 | Swamp:4  | 37148 ||| INVOKING Heroism.
 37156 | Swamp:4  | 37156 ||| Stepping ~*~*~tactically~*~*~ (stealth).
 37174 | Swamp:4  | 37174 ||| INVOKING Heroism.
 37176 | Swamp:4  | Received a gift from Okawaru
 37475 | Swamp:4  | 37475 ||| Stepping ~*~*~tactically~*~*~ (stealth).
 37476 | Swamp:4  | 37476 ||| INVOKING Heroism.
 37519 | Swamp:4  | 37519 ||| INVOKING Heroism.
 37522 | Swamp:4  | 37522 ||| INVOKING Finesse.
 37523 | Swamp:4  | Found a blossoming altar of Fedhas.
 37529 | Swamp:4  | HP: 4/119 [thorn hunter/volley of thorns (33)]
 37530 | Swamp:4  | 37530 ||| READING 12 scrolls of teleportation.
 37530 | Swamp:4  | Constricted to death by a shambling mangrove

Levels and vault maps discovered:
D:1:      lemuel_arrival_cross, layout_basic
D:2:      layout_basic, minivault_11, minmay_snake_closets
D:3:      layout_basic, amcnicky_altar_gilded, lightli_temple_of_fire,
          nicolae_overflow_ecumenical_swirl,
          hellmonk_ecumenical_altar_watching_god, uniq_grinder
D:4:      layout_basic, minmay_temple_entry_poolview, portal_sewer_entry_e,
          minivault_27
D:5:      layout_rooms, lemuel_doored_altar, kennysheep_generic_room_12
D:6:      layout_gridville, gammafunk_ghost_grave, uniq_eustachio, uniq_sigmund
D:7:      layout_cave_pools, zin_purify, nicolae_zen_rock_garden,
          minmay_fractal_squares_5
D:8:      layout_basic, minmay_between
D:9:      layout_loops_ring, david_orc_3, gammafunk_ghost_wrathful_warriors,
          the_hattery, uniq_maurice, uniq_amaemon
D:10:     cheibrodos_elevator_heist, layout_loops_ring
D:11:     layout_roguey, due_lair_maze_entry_diamond, elyvilon_altar_5
D:12:     layout_loops_ring, gammafunk_ghost_necromancy, gauntlet_entry_generic,
          roderic_batcave, wad_floor_pattern_2, uniq_urug
D:13:     layout_small_grid, portal_ice_cave_entry_pillars_2,
          gammafunk_ghost_crypt, minmay_hollow_rounded_squares
D:14:     minmay_opposing_rooms, layout_grid_maze, grunt_vaults_entry_fortified,
          basic_altar, uniq_roxanne, uniq_nessos
D:15:     hangedman_depths_entry_civil_slaughter, layout_basic, uniq_kirke,
          uniq_azrael
Temple:   bh_familiar_temple
Lair:1:   layout_gridlike, infiniplex_staircase_pool, grunt_megastairs_3
Lair:2:   layout_loops_ring, hellmonk_spider_entry_life_and_decay,
          lemuel_fruit_tree, serial_bayou_shore_b, lemuel_fruit_fields
Lair:3:   layout_misc_corridors, minmay_swamp_entry_worms, uniq_gastronok
Lair:4:   layout_regular_city, slime_entry_2, serial_bayou_ford_a,
          grunt_megastairs_4, lemuel_fruit_fields, uniq_sonja
Lair:5:   hangedman_lair_caniforms_friends, layout_cave_pods, wormcave,
          infiniplex_staircase_pool_2
Swamp:1:  layout_basic_swamp, evilmike_swamp_ruin_house_3, uniq_josephine
Swamp:2:  layout_basic_swamp, nicolae_swamp_decorative_isthmus, swamp_pool2
Swamp:3:  layout_basic_swamp, evilmike_swamp_ruin_house_5,
          nicolae_swamp_little_swirl
Swamp:4:  byrel_swamp_growth_death_and_undeath, layout_basic_swamp, swamp_pool1,
          cheibrodos_swamp_witchery
Spider:1: layout_chambers, nicolae_crawler_farm,
          hangedman_spider_tarantella_strand, uniq_mlioglotl
Spider:2: gammafunk_boulding_lane, nicolae_spider_acid_house, uniq_arachne
Spider:3: nicolae_spider_hilbert_zone_2 [nicolae_spider_hilbert_4_sides_1_open,
          nicolae_spider_hilbert_4_sides_1_open,
          nicolae_spider_hilbert_4_sides_1_open,
          nicolae_spider_hilbert_4_sides_1_open,
          nicolae_spider_hilbert_6_sides_1_open,
          nicolae_spider_hilbert_6_sides_1_open,
          nicolae_spider_hilbert_3_sides_1_open,
          nicolae_spider_hilbert_3_sides_1_open,
          nicolae_spider_hilbert_3_sides_1_open,
          nicolae_spider_hilbert_3_sides_1_open,
          nicolae_spider_hilbert_6_sides_1_open,
          nicolae_spider_hilbert_6_sides_1_open,
          nicolae_spider_hilbert_6_sides_1_open,
          nicolae_spider_hilbert_6_sides_1_open], nicolae_spider_eight_legs
Orc:1:    layout_diamond_mine, nicolae_volcano_entry_two_sided, uniq_harold,
          uniq_snorg, uniq_nergalle
Orc:2:    st_orc_town, layout_caves

Skill      XL: |  1  2  3  4  5  6  7  8  9 10 11 12 13 14 15 16 17 18 |
---------------+-------------------------------------------------------+-----
Axes           | 2 3 4 5 6 7 8 9 11 12 14 15 16 18 | 18.0
Fighting       | 4 5 6 7 8 9 10 12 13 15 | 15.0
Dodging        | 1 2 3 4 |  4.0
Throwing       | 1 5 6 7 8 |  8.0
Armour         | 5 6 7 8 9 10 11 12 13 | 13.7
Invocations    | 1 4 8 10 | 10.0
Shields        | 4 5 10 14 15 16 17 18 | 18.0

Action                   |  1- 3 |  4- 6 |  7- 9 | 10-12 | 13-15 | 16-18 || total
-------------------------+-------+-------+-------+-------+-------+-------++-------
Melee: War axe           |    76 |   176 |   302 |   580 |    24 |       ||  1158
       Demon whip        |       |       |       |    23 |    50 |    15 ||    88
       Broad axe         |       |       |       |       |   984 |   865 ||  1849
Throw: Boomerang         |       |       |    69 |    31 |       |    35 ||   135
       Javelin           |       |       |       |       |    27 |   204 ||   231
Invok: Heroism           |       |       |     7 |    28 |    46 |    50 ||   131
       Finesse           |       |       |       |     1 |    13 |     7 ||    21
  Use: Scroll            |     5 |     8 |     6 |     8 |     9 |     6 ||    42
       Potion            |       |     3 |     1 |     2 |     3 |     3 ||    12
 Stab: Distracted        |       |       |       |       |     2 |    20 ||    22
       Confused          |       |       |       |       |       |     1 ||     1
Armor: Scale mail        |    35 |    76 |       |       |       |       ||   111
       Chain mail        |       |    14 |    65 |       |       |       ||    79
       Plate armour      |       |       |    96 |   329 |   447 |   520 ||  1392
Dodge: Dodged            |    27 |    79 |    92 |   158 |   185 |   248 ||   789
Block: Buckler           |    17 |    28 |    92 |   201 |       |       ||   338
       Reflection        |       |       |     4 |     3 |    77 |    18 ||   102
       Kite shield       |       |       |       |   150 |    42 |       ||   192
       Tower shield      |       |       |       |       |  1059 |   868 ||  1927

Table legend:
 A = Non-vault XP
 B = Vault XP
 C = Vault XP percentage of total XP
 D = Non-vault monster count
 E = Vault monster count
 F = Vault count percentage of total count
                 A         B        C        D         E       F
            +---------+---------+-------+---------+---------+-------
      Total |  186269 |  110011 |  37.1 |     666 |     349 |  34.4
            +---------+---------+-------+---------+---------+-------
        D:1 |      32 |       0 |   0.0 |      16 |       0 |   0.0
        D:2 |      49 |      36 |  42.4 |      16 |       8 |  33.3
        D:3 |     128 |     272 |  68.0 |      23 |       1 |   4.2
        D:4 |     456 |       0 |   0.0 |      18 |       0 |   0.0
        D:5 |     399 |      45 |  10.1 |       6 |       1 |  14.3
        D:6 |     947 |     410 |  30.2 |      24 |       2 |   7.7
        D:7 |     988 |     269 |  21.4 |      19 |       5 |  20.8
        D:8 |    1661 |     176 |   9.6 |      13 |       4 |  23.5
        D:9 |     538 |    2126 |  79.8 |      10 |      12 |  54.5
       D:10 |    4003 |       0 |   0.0 |      13 |       0 |   0.0
       D:11 |    4325 |    1471 |  25.4 |      14 |      12 |  46.2
       D:12 |    3310 |     917 |  21.7 |      17 |       9 |  34.6
       D:13 |   12982 |    5422 |  29.5 |      33 |       9 |  21.4
       D:14 |    6502 |   13021 |  66.7 |      13 |      22 |  62.9
       D:15 |    9148 |    8960 |  49.5 |      22 |      20 |  47.6
     Lair:1 |    5236 |       0 |   0.0 |      23 |       0 |   0.0
     Lair:2 |   11782 |     873 |   6.9 |      39 |       4 |   9.3
     Lair:3 |    2605 |    2519 |  49.2 |      12 |       6 |  33.3
     Lair:4 |     665 |     733 |  52.4 |       3 |       3 |  50.0
     Lair:5 |   15046 |   16168 |  51.8 |      57 |      73 |  56.2
    Swamp:1 |    8644 |    2015 |  18.9 |      16 |       6 |  27.3
    Swamp:2 |    7489 |       0 |   0.0 |      12 |       0 |   0.0
    Swamp:3 |   15295 |       0 |   0.0 |      29 |       0 |   0.0
    Swamp:4 |   12964 |   16425 |  55.9 |      25 |      31 |  55.4
   Spider:1 |   22404 |    4244 |  15.9 |      62 |       9 |  12.7
   Spider:2 |   22787 |    6917 |  23.3 |      62 |      11 |  15.1
   Spider:3 |   11690 |   13760 |  54.1 |      26 |      22 |  45.8
      Orc:1 |    3236 |    2600 |  44.6 |      35 |       3 |   7.9
      Orc:2 |     958 |    7620 |  88.8 |       8 |      59 |  88.1
      Sewer |       0 |     101 | 100.0 |       0 |       9 | 100.0
   Gauntlet |       0 |    2911 | 100.0 |       0 |       8 | 100.0
            +---------+---------+-------+---------+---------+-------
